Map: The Vermillion Problem

Players

wasp

  • Race: Protoss Protoss

larsgj

  • Race: Terran Terran

VOD

Have the link to the VOD?

Description

Time

  • Played on: Oct. 7, 2018, 7:21 a.m.
  • Length: 47:11
Show
View Real Time Build Order
Export as new Build Order

wasp Protoss 

Build Orders:  

Get SALT Encoding   

    0:00  Probe x12 (Chrono Boost)  
    0:09  Unknown x2  
  12  0:26  Pylon  
  12  1:00  Pylon  
  12  1:07  Pylon  
  12  1:27  Pylon  
  12  1:39  Gateway  
  12  2:16  Gateway  
  12  2:21  Forge  
  12  2:30  Assimilator  
  12  2:40  Assimilator  
  12  3:44  Zealot  
  12  3:45  Zealot x3  
  20  5:33  Cybernetics Core  
  20  5:46  Photon Cannon  
  20  5:53  Photon Cannon  
  20  5:58  Photon Cannon  
  19  9:35  Dragoon  
  19  9:36  Dragoon x3  
  27  10:19  Robotics Facility  
  27  11:08  Stargate  
  27  11:44  Probe (Chrono Boost)  
  28  11:58  Probe (Chrono Boost)  
  29  12:12  Probe (Chrono Boost)  
  14  13:40  Zealot x2  
  14  13:41  Zealot x2  
  21  15:42  Zealot x2  
  21  15:43  Zealot x2  
  21  15:44  Zealot x2  
  33  15:58  Phoenix  
  35  16:28  Zealot  
  37  16:46  Phoenix  
  39  22:20  Phoenix  
  39  22:25  Dragoon x2  
  39  22:26  Dragoon  
  45  22:53  Zealot  
  47  23:12  Pylon  
  47  23:13  Pylon  
  47  23:22  Pylon  
  47  23:30  Pylon  
  47  23:39  Pylon  
  47  23:44  Pylon  
  47  24:02  Zealot  
  47  24:03  Zealot  
  21  31:10  Zealot  
  21  31:13  Zealot x2  
  21  31:14  Zealot x3  
  21  31:19  Immortal x2  
  41  31:20  Immortal  
  41  31:25  Phoenix  
  41  31:26  Phoenix  
  45  34:21  Zealot x2  
  45  34:22  Zealot  
  45  34:29  Immortal  
  55  34:33  Phoenix  
  51  38:25  Zealot  
  51  38:26  Zealot x3  
  51  38:27  Zealot x2  
  63  38:30  Phoenix  
  63  38:39  Observer  
  66  38:40  Observer x2  
  25  44:09  Zealot  
  27  44:10  Zealot x3  
  27  44:11  Zealot x2  
  27  44:15  Phoenix x2  
  27  44:16  Phoenix  
  43  44:24  Observer x2  
  43  44:25  Observer  
Show
View Real Time Build Order
Export as new Build Order

larsgj Terran 

Build Orders:  

Get SALT Encoding   

    0:00  Orbital Command, SCV x12  
    0:09  Unknown  
  12  0:16  SCV  
  13  0:40  Supply Depot  
  13  0:47  SCV  
  14  0:53  Barracks  
  14  1:03  SCV  
  15  1:20  SCV, Refinery  
  16  1:36  Refinery  
  16  1:37  SCV  
  17  1:54  SCV  
  17  1:55  Supply Depot  
  18  2:11  SCV  
  19  2:22  Marine  
  19  2:28  SCV  
  21  2:32  Marine  
  22  2:42  Marine  
  22  2:45  SCV  
  24  2:53  Marine  
  25  3:02  SCV  
  26  3:16  Factory  
  26  3:19  SCV, Barracks Tech Lab  
  27  3:36  SCV  
  28  3:50  Unknown  
  28  3:53  SCV  
  29  4:00  Supply Depot  
  29  4:01  Supply Depot  
  29  4:10  SCV  
  30  4:27  SCV  
  31  4:35  Engineering Bay  
  31  4:39  Starport  
  31  5:11  Marine, SCV  
  33  5:21  Medic  
  33  5:28  SCV  
  36  5:31  Medic  
  36  5:33  Starport Tech Lab  
  38  5:40  Stabilizer Medpacks  
  38  5:42  Medic  
  40  5:52  Marine  
  40  5:53  Armory  
  41  6:14  Fusion Core  
  41  6:17  Marine  
  42  6:27  Medic  
  42  6:37  Marine  
  44  6:47  Medic  
  47  7:15  Supply Depot  
  47  7:16  Marine  
  47  7:17  Supply Depot  
  47  7:19  Supply Depot  
  48  7:22  Supply Depot  
  48  7:29  Starport  
  48  7:34  Weapon Refit  
  48  7:42  SCV  
  49  7:59  Orbital Command  
  49  8:19  Supply Depot  
  49  8:20  Supply Depot  
  49  8:21  Supply Depot  
  49  8:22  Supply Depot  
  49  8:30  Starport Tech Lab  
  49  8:58  Battlecruiser  
  55  9:21  Battlecruiser  
  58  10:18  Terran Vehicle and Ship Weapons Level 1  
  58  11:19  Missile Turret  
  58  11:40  Battlecruiser  
  58  11:46  Missile Turret  
  64  12:10  Marine  
  64  12:15  Missile Turret  
  65  12:20  Medic  
  67  12:31  Marine  
  68  12:41  Marine  
  69  12:51  Marine, Missile Turret  
  69  12:58  Terran Vehicle And Ship Armor Level 1  
  70  13:20  Missile Turret  
  70  13:49  Missile Turret  
  70  13:52  Battlecruiser x2  
  82  14:30  Missile Turret  
  82  14:59  Missile Turret  
  82  15:35  Missile Turret  
  82  16:11  Battlecruiser  
  82  16:12  Battlecruiser  
  94  16:49  Marine  
  95  17:00  Medic  
  97  17:10  Medic  
  97  17:18  Advanced Optics  
  99  17:20  Medic  
  101  17:30  Marine  
  102  18:20  SCV  
  102  18:27  Supply Depot x2  
  103  18:30  Supply Depot  
  103  18:32  Supply Depot  
  103  18:35  Supply Depot  
  103  18:37  SCV, Supply Depot  
  104  18:54  SCV  
  105  19:11  SCV  
  105  19:18  Afterburners  
  106  19:28  SCV  
  107  20:12  SCV  
  108  20:29  SCV  
  108  20:45  SCV  
  109  21:02  SCV  
  110  21:16  Battlecruiser x2  
  110  21:19  SCV  
  123  21:58  Battlecruiser  
  123  22:04  Command Center  
  123  22:08  Refinery x2  
  129  22:12  Missile Turret  
  129  22:29  Battlecruiser  
  129  22:34  Terran Vehicle and Ship Weapons Level 2  
  135  22:40  Missile Turret  
  135  22:56  Marine  
  136  23:06  Medic  
  138  23:12  Missile Turret  
  138  23:13  Supply Depot x2  
  138  23:16  Supply Depot  
  138  23:17  Marine  
  138  23:19  Supply Depot  
  139  23:21  Supply Depot  
  139  23:23  Supply Depot  
  139  23:27  Marine  
  139  23:37  Medic  
  140  23:41  Missile Turret  
  143  24:01  Orbital Command  
  142  24:10  Missile Turret  
  142  24:16  Battlecruiser  
  148  25:30  Battlecruiser x2  
  160  25:43  SCV  
  160  25:44  Terran Vehicle And Ship Armor Level 2  
  161  26:00  SCV  
  162  26:17  SCV  
  163  26:31  Marine  
  163  26:34  SCV  
  165  26:41  Marine  
  166  26:51  SCV  
  166  26:52  Marine  
  168  27:02  Marine  
  168  27:08  SCV  
  170  27:12  Marine  
  171  28:11  Battlecruiser  
  171  28:12  Battlecruiser  
  183  28:38  Structure Armor  
  183  28:53  Battlecruiser  
  183  28:54  Terran Vehicle and Ship Weapons Level 3  
  183  28:55  Battlecruiser  
  194  32:18  Terran Infantry Weapons Level 1  
  194  32:33  Terran Vehicle And Ship Armor Level 3  
  194  33:41  Medic  
  196  33:56  Marine  
  197  34:07  Marine  
  197  34:08  Neosteel Frame  
  198  34:17  Medic  
  197  35:58  Terran Infantry Armor Level 1  
  192  41:36  SCV  
  193  41:53  SCV  
  194  42:10  SCV  
  195  42:27  SCV  
  196  42:43  SCV  
Tags
 
Add a new tag
Caveats
  • Supply blocks, unpowered buildings, or Contaminate may cause inaccurate times.
  • Supply counts are checked every 10 seconds.